 Dungeon Crawl Stone Soup version 0.23-a0-356-g1757c6e (webtiles) character file.

278174 tilp the Phalangite (level 20, -41/168 HPs)
             Began as a Merfolk Ice Elementalist on Oct 21, 2018.
             Was the Champion of Makhleb.
             Killed from afar by a halazid warlock (62 damage)
             ... with a ghostly fireball
             ... in the Desolation of Salt.
             The game lasted 04:07:28 (52555 turns).

tilp the Phalangite (Merfolk Ice Elementalist)     Turns: 52555, Time: 04:07:28

Health: -41/168    AC: 23    Str: 11    XL:     20   Next: 41%
Magic:  29/37      EV: 18    Int: 27    God:    Makhleb [******]
Gold:   671        SH:  0    Dex: 14    Spells: 2/45 levels left

rFire    . . .     SeeInvis +   H - +9 bardiche (vamp)
rCold    . . .     Gourm    .   (shield currently unavailable)
rNeg     . . .     Faith    .   p - +2 troll leather armour {Snorg}
rPois    .         Spirit   .   l - +2 helmet {SInv}
rElec    .         Reflect  .   N - scarf {repulsion}
rCorr    .         Harm     .   B - +0 pair of gloves
MR       ++...     Clarity  +   u - +2 pair of boots {run}
Stlth    +.........             K - amulet of Kikubaaqudgha's Anger {RegenMP Fragile Int+6}
HPRegen  0.78/turn              j - ring of wizardry
MPRegen  0.50/turn              h - ring of protection from magic

@: icy armour, drained, repel missiles, quick
A: change form in water, swift swim, stealthy swim, clarity, robust 1
}: 2/15 runes: barnacled, gossamer
a: Minor Destruction, Lesser Servant of Makhleb, Major Destruction, Greater
Servant of Makhleb, Renounce Religion


You were in the Desolation of Salt.
You worshipped Makhleb.
Makhleb was exalted by your worship.
You were hungry.

You visited 7 branches of the dungeon, and saw 34 of its levels.
You visited the Abyss 1 time.
You also visited: Sewer, Bailey, Ice Cave and Desolation.

You collected 4023 gold pieces.
You spent 3352 gold pieces at shops.

Inventory:

Hand Weapons
 H - a +9 vampiric bardiche (weapon)
Missiles
 L - 28 javelins of penetration (quivered)
Armour
 d - a +2 hat of magic resistance
 l - a +2 helmet of see invisible (worn)
 p - a +2 troll leather armour (worn) {Snorg}
 r - the +4 skin of Zhor {rC+++}
   (You found it on level 15 of the Dungeon)

   It renders you almost immune to cold.
 u - a +2 pair of boots of running (worn)
 z - a +0 cloak
 B - a +0 pair of gloves (worn)
 N - a scarf of repulsion (worn)
 Y - a +2 robe of resistance
Jewellery
 h - a ring of protection from magic (right hand)
 j - a ring of wizardry (left hand)
 G - an uncursed ring of poison resistance
 I - an uncursed ring of flight
 K - the amulet of Kikubaaqudgha's Anger (around neck) {RegenMP Fragile Int+6}
   (You found it on level 15 of the Dungeon)

   [amulet of magic regeneration]

   It increases your magic regeneration.
   It affects your intelligence (+6).
   It will be destroyed if unequipped.
 O - an uncursed amulet of regeneration
 P - an uncursed ring of protection from cold
Wands
 m - a wand of paralysis (48)
 o - a wand of disintegration (4)
 C - a wand of digging (28)
 D - a wand of clouds (13)
 J - a wand of polymorph (6)
 Q - a wand of enslavement (53)
 W - a wand of acid (13)
Scrolls
 b - 3 scrolls of vulnerability
 k - 3 scrolls of fear
 n - 3 scrolls of amnesia
 y - a scroll of blinking
 A - 11 scrolls of identify
 F - 9 scrolls of remove curse
 M - 12 scrolls of teleportation
 R - a scroll of holy word
 T - 2 scrolls of summoning
 U - 3 scrolls of magic mapping
Potions
 e - 7 potions of flight
 f - 6 potions of brilliance
 g - a potion of cancellation
 i - 3 potions of invisibility
 q - 10 potions of curing
 s - 9 potions of magic
 t - 4 potions of ambrosia
 v - 2 potions of mutation
 w - 3 potions of berserk rage
 E - 2 potions of might
 V - 3 potions of agility
Miscellaneous
 x - a lamp of fire
 S - a fan of gales
 Z - a crystal ball of energy
Comestibles
 a - 11 chunks of flesh
 c - 44 rations


   Skills:
 - Level 12.0(10.6) Fighting
 - Level 26.0(24.2) Polearms
 - Level 12.0(10.6) Dodging
 - Level 2.1(1.1) Stealth
 - Level 13.0(11.6) Spellcasting
 * Level 6.7(5.5) Conjurations
 + Level 8.4(7.2) Charms
 + Level 16.1(14.7) Ice Magic
 + Level 1.7(0.7) Air Magic
 - Level 10.0(8.7) Invocations
 - Level 10.0(8.7) Evocations


You had 2 spell levels left.
You knew the following spells:

 Your Spells              Type           Power        Failure   Level  Hunger
a - Freeze                Ice            ####         0%          1    None
b - Throw Frost           Conj/Ice       ######       1%          2    None
c - Ozocubu's Armour      Chrm/Ice       ######..     1%          3    None
d - Throw Icicle          Conj/Ice       ######..     1%          4    None
e - Conjure Flame         Conj/Fire      ####....     1%          3    None
f - Blink                 Tloc           N/A          3%          2    None
g - Slow                  Hex            ###.....     3%          2    None
h - Summon Butterflies    Summ           ###.....     1%          1    None
i - Apportation           Tloc           ###...       1%          1    None
j - Bolt of Cold          Conj/Ice       ######....   4%          6    #####..
k - Deflect Missiles      Chrm/Air       #####.....   47%         6    #####..
l - Freezing Cloud        Conj/Ice/Air   ######....   16%         6    #####..
m - Spectral Weapon       Hex/Chrm       #####...     1%          3    None
n - Regeneration          Chrm/Necr      #####.....   1%          3    None

Your spell library contained the following spells:

 Spells                   Type           Power        Failure   Level  Hunger
 Animate Skeleton         Necr           N/A          1%          1    None
 Beastly Appendage        Tmut           ###...       1%          1    None
 Confusing Touch          Hex            ###...       1%          1    None
 Infusion                 Chrm           ####         1%          1    None
 Magic Dart               Conj           ####         1%          1    None
 Summon Small Mammal      Summ           ###.         1%          1    None
 Shroud of Golubria       Chrm/Tloc      #####.....   1%          2    None
 Song of Slaying          Chrm           ######..     1%          2    None
 Call Imp                 Summ           ###.....     3%          2    None
 Sticks to Snakes         Tmut           ###.....     3%          2    None
 Dazzling Spray           Conj/Hex       ####..       1%          3    None
 Ice Form                 Ice/Tmut       ######..     1%          4    None
 Summon Ice Beast         Ice/Summ       ######..     1%          4    None
 Ozocubu's Refrigeration  Ice            #######...   1%          6    #####..
 Mephitic Cloud           Conj/Pois/Air  ####....     2%          3    None
 Metabolic Englaciation   Hex/Ice        ######....   2%          5    ###....
 Iskenderun's Battlesphe  Conj/Chrm      ######..     4%          5    ###....
 Call Canine Familiar     Summ           ###.....     6%          3    None
 Spider Form              Tmut/Pois      ###.......   6%          3    None
 Summon Guardian Golem    Hex/Summ       ###.....     6%          3    None
 Force Lance              Conj/Tloc      ####....     6%          4    None
 Simulacrum               Ice/Necr       ######....   14%         6    #####..
 Summon Lightning Spire   Summ/Air       ###.....     16%         4    None
 Cause Fear               Hex            ###.......   19%         4    None
 Leda's Liquefaction      Hex/Erth       ###.......   19%         4    None
 Bolt of Magma            Conj/Fire/Erth ####......   24%         5    ###....
 Silence                  Hex/Air        ###.......   41%         5    ###....
 Blade Hands              Tmut           ###.......   45%         5    ###....
 Summon Mana Viper        Hex/Summ       ###.....     45%         5    ###....
 Yara's Violent Unravell  Hex/Tmut       ###.......   45%         5    ###....
 Iron Shot                Conj/Erth      ####......   65%         6    #####..
 Statue Form              Tmut/Erth      ###......    95%         6    #####..
 Summon Hydra             Summ           ###.......   100%        7    ######.
 Discord                  Hex            ###.......   100%        8    #######
 Shatter                  Erth           ###.......   100%        9    #######


Dungeon Overview and Level Annotations

Branches:
Dungeon (15/15)            Temple (1/1) D:4            Lair (6/6) D:11
 Shoals (4/4) Lair:4       Spider (4/4) Lair:3        Slime (0/5) Lair:5
    Orc (2/2) D:11            Elf (0/3) Orc:2        Vaults (2/5) D:14
  Crypt (0/3) Vaults:2     Depths (0/5) D:15

Altars:
Ashenzari
Cheibriados
Dithmenos
Elyvilon
Fedhas
Gozag
Hepliaklqana
Kikubaaqudgha
Makhleb
Nemelex Xobeh
Okawaru
Qazlal
Ru
Sif Muna
Trog
Uskayaw
Vehumet
Wu Jian
Xom
Yredelemnul
Zin
The Shining One
Beogh
Jiyva

Shops:
D:5 [   Orc:2 (%[?   Shoals:1 }   Shoals:2 !   Shoals:3 ?   Shoals:4 [?!%?

Annotations:
D:9 Psyche
Lair:1 Gastronok
Lair:3 exclusion: hippogriff, Rupert
Shoals:2 exclusion: kraken
Orc:2 exclusion: upstairs


Innate Abilities, Weirdness & Mutations

You revert to your normal form in water.
You are very nimble and swift while swimming.
You are very stealthy in the water. (Stealth+)
You possess an exceptional clarity of mind.
You are robust. (+10% HP)


Message History

* * * LOW HITPOINT WARNING * * *
You writhe in agony.
* * * LOW HITPOINT WARNING * * *
The ragged hierophant hits you but does no damage.
You feel drained.
The saltling hits you but does no damage. x2
The servant of whispers hits you with a spear.
* * * LOW HITPOINT WARNING * * *
The saltling hits you but does no damage.
The servant of whispers utters an invocation to its god.
The air becomes perfectly still.
The halazid warlock points at the guardian serpent and mumbles some strange The guardian serpent's animating energy erupts into ghostly fire!
The ghostly flame explodes!
The ghostly fireball engulfs the halazid warlock.
The halazid warlock completely resists.
The ghostly fireball engulfs the saltling.
The saltling completely resists.
The ghostly fireball engulfs you!
You feel drained.
You die...

....§.........§§§§§§§.§
..................§§...§§
.....#...............§§§§
.....#...............§§§§
.....................§.§§
.........8.............§§
........)p.p..8........§§
.......p8LL8........§§§§§
.......∩p@.88........§§§§
........p888.8........§§§
...........8.#.........§§
..........p.##......#§.§
......................
#..............§.§..§§
...............§§§§§§
................§§§§§
............§§§§§


You could see 3 ragged hierophants, 2 servants of whispers, 2 halazid warlocks,
an ironbrand convoker and 11 saltlings.

Vanquished Creatures
  Saint Roka (Vaults:1)
  Agnes (Spider:3)
  A fire giant (D:13)
  An orc warlord (D:15)
  10 emperor scorpions
  An imperial myrmidon (Desolation)
  A frost giant (IceCv)
  3 vault wardens
  4 ghost moths (Spider:4)
  An ironheart preserver (Vaults:1)
  10 entropy weavers
  A vampire knight (D:13)
  2 stone giants
  A deep elf annihilator (Vaults:2)
  A spark wasp (Spider:2)
  The ghost of Garbasso the Basher, a journeyman GrVM of Okawaru (Lair:6)
  Snorg (D:10)
  7 merfolk javelineers (Shoals:4)
  9 merfolk impalers
  7 ogre magi
  A yaktaur captain (Vaults:1)
  2 ice dragons
  A ragged hierophant (Desolation)
  4 hydras
  6 vault guards
  22 two-headed ogres
  6 merfolk aquamancers (Shoals:4)
  Erica (D:8)
  3 satyrs
  5 centaur warriors
  7 death yaks
  5 merfolk avatars
  A death knight (Vaults:2)
  A hell knight (D:15)
  2 deep elf knights (Vaults:2)
  Sonja (Lair:6)
  10 skeletal warriors
  An unseen horror (shapeshifter) (Vaults:1)
  The ghost of Nr616 the Cleaver, a novice MiFi of Okawaru (D:6)
  11 sea snakes
  A deep troll (shapeshifter) (Vaults:1)
  An unseen horror (D:6)
  21 harpies
  A lindwurm (shapeshifter) (Vaults:1)
  A lindwurm (Lair:6)
  4 wizards
  2 necromancers
  19 orb spiders
  4 deep elf magi
  5 ironbrand convokers
  4 orc knights
  13 ugly things
  2 orc sorcerers
  6 oklob plants
  A salamander (shapeshifter) (Vaults:2)
  27 wolf spiders
  7 fauns
  2 cyclopes
  12 manticores
  12 slime creatures
  An ice statue (IceCv)
  2 moths of wrath (Spider:4)
  Joseph (D:7)
  10 merfolk sirens
  3 vault sentinels
  4 elephants
  2 guardian serpents
  6 black mambas (Lair:6)
  2 gargoyles
  8 torpor snails
  6 water nymphs
  A guardian serpent (shapeshifter) (Vaults:2)
  3 centaur skeletons
  11 spiny frogs
  A kobold demonologist (D:13)
  14 yaktaurs
  A rime drake (shapeshifter) (D:14)
  15 demonic crawlers
  4 freezing wraiths
  6 komodo dragons
  A redback zombie (D:11)
  4 rime drakes
  2 human skeletons (Vaults:1)
  The ghost of derval the Gusty, a novice DEAE (D:4)
  2 jumping spiders (shapeshifter)
  20 polar bears (IceCv)
  8 trolls
  6 meliai
  19 merfolk
  The ghost of bear the Chopper, an amateur DsGl of Makhleb (D:4)
  45 jumping spiders
  12 hornets
  A queen bee (D:13)
  7 wind drakes
  14 tyrant leeches
  A meliai zombie (D:13)
  5 saltlings (Desolation)
  11 hippogriffs
  The ghost of Garbasso the Vandal, an amateur HaAM (D:4)
  A stone giant simulacrum (Vaults:1)
  11 blink frogs
  6 snapping turtles
  An ettin skeleton (Vaults:1)
  90 redbacks
  29 tarantellas
  5 water elementals
  A fire bat (shapeshifter) (Vaults:1)
  A shadow (D:13)
  2 vampires
  The ghost of namelastname112 the Chopper, an amateur DrWn of Ashenzari (D:4)
  3 wraiths
  16 wyverns
  45 yaks
  2 steam dragons
  3 hungry ghosts
  A vampire mosquito (D:13)
  5 wargs
  Menkaure (D:6)
  4 swamp worms (Spider:4)
  4 acid dragons
  29 water moccasins
  An ogre skeleton (Vaults:1)
  6 porcupines
  39 orc warriors
  A sky beast (D:6)
  2 black bears (shapeshifter)
  12 ice beasts
  4 boggarts (Vaults:1)
  2 eyes of draining
  40 ogres
  4 black bears
  A necrophage (D:9)
  2 phantoms
  18 wolves
  17 centaurs
  9 crocodiles
  9 big kobolds
  2 wyvern zombies
  15 bullfrogs
  5 scorpions
  43 killer bees
  5 wights (D:13)
  5 electric eels
  7 howler monkeys
  5 crimson imps
  A bullfrog zombie (D:9)
  2 centaur zombies
  11 jellies
  A quasit (D:6)
  8 hounds
  17 orc wizards
  4 bullfrog skeletons
  13 orc priests
  4 iguanas
  8 worker ants
  A hound zombie (D:8)
  2 worker ant zombies
  A howler monkey zombie (D:5)
  Robin (D:4)
  13 gnolls (Bailey)
  26 adders
  5 shadow imps
  8 oozes
  An adder skeleton (D:8)
  An adder zombie (D:9)
  5 worms
  4 dart slugs
  3 leopard geckos
  104 orcs
  7 giant cockroaches
  32 goblins
  17 hobgoblins
  6 jackals
  A quokka (D:4)
  6 ball pythons
  14 bats
  7 frilled lizards
  2 jackal skeletons
  A jackal zombie (D:5)
  35 kobolds
  A leopard gecko zombie (D:6)
  12 rats
  2 fungi
  3 plants
  4 spectral weapons (Spider:4)
1471 creatures vanquished.

Vanquished Creatures (collateral kills)
  An entropy weaver (Spider:3)
  A death knight (D:15)
  4 two-headed ogres
  A wizard (D:15)
  A cyclops (D:13)
  A wolf spider (Spider:3)
  A black mamba (Lair:6)
  3 elephants
  A torpor snail (Lair:6)
  A gargoyle (D:10)
  A komodo dragon (D:11)
  A demonic crawler (Spider:2)
  A freezing wraith (D:13)
  A jumping spider (Spider:2)
  3 hornets (Lair:6)
  A tyrant leech (Lair:6)
  2 redbacks (Spider:3)
  A wraith (D:15)
  4 yaks
  A basilisk (Lair:2)
  2 water moccasins
  A phantom (D:10)
  7 ogres
  A wolf (Lair:1)
  2 killer bees (D:13)
  A hound (D:13)
  An orc priest (D:10)
  An adder (D:10)
  4 orcs
51 creatures vanquished.

Vanquished Creatures (others)
  The ghost of Hese the Ruinous, an adept DEFE of Vehumet (D:15)
  2 two-headed ogres (Orc:2)
  A merfolk aquamancer (Shoals:4)
  3 elephants
  A tarantella (Spider:4)
  A redback (Spider:4)
  7 wolves (IceCv)
  A worker ant (D:11)
  An orc (Orc:2)
  5 bushes (Lair:6)
  2 fire vortices (D:15)
  39 fungi
  70 plants
  22 spectral weapons
  10 tentacles (Shoals:2)
  2 withered plants (D:4)
168 creatures vanquished.

Grand Total: 1690 creatures vanquished

Notes
Turn   | Place    | Note
-------+----------+-------------------------------------------
     0 | D:1      | tilp the Merfolk Ice Elementalist began the quest for the
                  | Orb.
     0 | D:1      | Reached XP level 1. HP: 13/13 MP: 3/3
   189 | D:1      | Reached XP level 2. HP: 19/19 MP: 3/5
   209 | D:1      | Learned a level 2 spell: Throw Frost
  1059 | D:2      | Reached XP level 3. HP: 24/24 MP: 2/6
  1064 | D:2      | Learned a level 3 spell: Ozocubu's Armour
  1466 | D:2      | Found a radiant altar of Vehumet.
  1477 | D:2      | Reached skill level 5 in Ice Magic
  1613 | D:2      | Reached XP level 4. HP: 30/30 MP: 3/7
  2518 | D:3      | Reached skill level 1 in Polearms
  2518 | D:3      | Reached XP level 5. HP: 18/35 MP: 8/8
  3011 | D:3      | Reached skill level 1 in Fighting
  3011 | D:3      | Reached skill level 2 in Polearms
  3193 | D:3      | Reached skill level 3 in Polearms
  3507 | D:3      | Reached XP level 6. HP: 36/43 MP: 3/9
  3807 | D:4      | Reached skill level 4 in Polearms
  3823 | D:4      | Noticed Robin
  3829 | D:4      | Found a staircase to the Ecumenical Temple.
  3851 | D:4      | Killed Robin
  3882 | D:4      | Found a glowing drain.
  4024 | Sewer    | Entered a sewer
  4193 | Sewer    | Reached skill level 5 in Polearms
  4193 | Sewer    | Reached XP level 7. HP: 51/51 MP: 4/10
  4425 | Sewer    | Reached skill level 6 in Polearms
  4641 | Sewer    | Reached skill level 5 in Dodging
  5118 | D:4      | Reached skill level 7 in Polearms
  5311 | D:4      | Found a runed gate.
  5311 | D:4      | Found a runed gate.
  5312 | D:4      | Found a runed gate.
  5313 | D:4      | Noticed namelastname112's ghost (amateur DrWn)
  5314 | D:4      | Noticed Garbasso's ghost (amateur HaAM)
  5314 | D:4      | Noticed derval's ghost (novice DEAE)
  5314 | D:4      | Noticed bear's ghost (amateur DsGl)
  5503 | Temple   | Entered the Ecumenical Temple
  5607 | Temple   | Became a worshipper of Makhleb the Destroyer
  5819 | D:5      | Entered Level 5 of the Dungeon
  5902 | D:5      | Reached XP level 8. HP: 44/60 MP: 11/11
  6156 | D:5      | Found Ruda's Antique Armour Boutique.
  6267 | D:5      | Found a deep blue altar of Sif Muna.
  6298 | D:5      | Reached skill level 8 in Polearms
  6307 | D:5      | Identified Sif Muna's Almanac of Snow
  6650 | D:6      | Found a runed gate.
  6650 | D:6      | Found a runed gate.
  6650 | D:6      | Found a runed gate.
  6651 | D:6      | Noticed Nr616's ghost (novice MiFi)
  6845 | D:6      | Reached * piety under Makhleb
  6958 | D:6      | Noticed Menkaure
  6971 | D:6      | Killed Menkaure
  6971 | D:6      | Reached skill level 9 in Polearms
  6979 | D:6      | Reached skill level 5 in Fighting
  7307 | D:6      | Reached skill level 10 in Polearms
  7329 | D:6      | Noticed a troll
  7483 | D:6      | Reached XP level 9. HP: 69/69 MP: 12/12
  7682 | D:7      | Found a flagged portal.
  7730 | Bailey   | Entered a bailey
  7768 | Bailey   | Reached skill level 11 in Polearms
  8197 | Bailey   | Reached ** piety under Makhleb
  8199 | Bailey   | Reached skill level 12 in Polearms
  8727 | Bailey   | Reached skill level 13 in Polearms
  8762 | Bailey   | Noticed an orc warlord
  8932 | Bailey   | Reached skill level 14 in Polearms
  8944 | Bailey   | Reached *** piety under Makhleb
  9349 | D:7      | Reached XP level 10. HP: 76/76 MP: 17/17
  9359 | D:7      | Noticed Joseph
  9431 | D:6      | Learned a level 4 spell: Throw Icicle
  9435 | D:6      | Learned a level 3 spell: Conjure Flame
  9438 | D:6      | Learned a level 2 spell: Blink
  9441 | D:6      | Learned a level 2 spell: Slow
  9459 | D:7      | Reached skill level 5 in Spellcasting
  9583 | D:7      | Reached skill level 5 in Evocations
  9583 | D:7      | Reached XP level 11. HP: 81/81 MP: 18/18
  9870 | D:7      | Identified a scroll of acquirement
 10010 | D:8      | Noticed Erica
 10047 | D:8      | Killed Erica
 10411 | D:9      | Reached skill level 5 in Invocations
 10582 | D:9      | Reached **** piety under Makhleb
 10725 | D:9      | Noticed a two-headed ogre
 11014 | D:9      | Noticed Psyche
 11509 | D:10     | Entered Level 10 of the Dungeon
 11602 | D:10     | Reached skill level 15 in Polearms
 11628 | D:10     | Noticed a two-headed ogre
 11658 | D:10     | Killed a two-headed ogre
 11902 | D:10     | Noticed a two-headed ogre
 11936 | D:10     | Killed a two-headed ogre
 11936 | D:10     | Reached skill level 16 in Polearms
 12342 | D:10     | Noticed Snorg
 12353 | D:10     | Killed Snorg
 12748 | D:11     | Found a staircase to the Orcish Mines.
 12748 | D:11     | Noticed a white ugly thing
 12750 | D:11     | Noticed a purple ugly thing
 12827 | D:10     | Killed a purple ugly thing
 12827 | D:10     | Reached XP level 12. HP: 88/88 MP: 21/21
 12929 | D:11     | Paralysed by a hornet for 1 turns
 13053 | D:11     | Found a staircase to the Lair.
 13867 | D:4      | Killed Garbasso's ghost
 13876 | D:4      | Killed derval's ghost
 13891 | D:4      | Killed bear's ghost
 13903 | D:4      | Killed namelastname112's ghost
 14164 | Lair:1   | Entered Level 1 of the Lair of Beasts
 15145 | Lair:1   | Noticed Gastronok
 15408 | Lair:2   | Noticed a seven-headed hydra
 15424 | Lair:2   | Killed a two-headed hydra
 15748 | Lair:2   | Learned a level 1 spell: Summon Butterflies
 16337 | Lair:3   | Found a hole to the Spider Nest.
 16366 | Lair:3   | Reached skill level 10 in Ice Magic
 16384 | Lair:3   | Found a frozen archway.
 16511 | Lair:3   | Reached XP level 13. HP: 66/99 MP: 17/23
 16861 | Lair:3   | Learned a level 1 spell: Apportation
 16987 | Lair:3   | Noticed Rupert
 17240 | Lair:3   | Reached skill level 10 in Dodging
 17283 | Lair:3   | Reached ***** piety under Makhleb
 19067 | Lair:4   | Found a staircase to the Shoals.
 19311 | Lair:5   | Reached skill level 10 in Fighting
 19535 | Lair:5   | Found a runed door.
 19540 | Lair:5   | Found a viscous altar of Jiyva.
 19540 | Lair:5   | Found a staircase to the Slime Pits.
 19998 | Lair:6   | Entered Level 6 of the Lair of Beasts
 21700 | Lair:6   | Reached XP level 14. HP: 110/110 MP: 18/26
 22432 | Lair:6   | Found a runed door.
 22974 | Lair:6   | Noticed Sonja
 22978 | Lair:6   | Killed Sonja
 22980 | Lair:6   | Found a runed door.
 22992 | Lair:6   | Noticed Garbasso's ghost (journeyman GrVM)
 23598 | Orc:1    | Entered Level 1 of the Orcish Mines
 23670 | Orc:1    | Found a frozen archway.
 23681 | IceCv    | Entered an ice cave
 25079 | IceCv    | Noticed a frost giant
 25121 | IceCv    | Killed a frost giant
 25252 | IceCv    | Learned a level 6 spell: Bolt of Cold
 25620 | Orc:2    | Entered Level 2 of the Orcish Mines
 25620 | Orc:2    | Found a staircase to the Elven Halls.
 25650 | Orc:1    | Reached XP level 15. HP: 71/116 MP: 25/27
 26605 | Orc:2    | Reached ****** piety under Makhleb
 26654 | Orc:2    | Paralysed by an ogre mage for 5 turns
 27102 | Orc:2    | Found Uruheh's Magic Scroll Emporium.
 27102 | Orc:2    | Found Lagie's Armour Boutique.
 27128 | Orc:2    | Found Feowemy's Food Boutique.
 27128 | Orc:2    | Found Seoden's Antique Weapon Shoppe.
 27135 | Orc:2    | Bought a scroll of magic mapping for 38 gold pieces
 27138 | Orc:2    | Bought a +1 helmet of see invisible for 181 gold pieces
 27138 | Orc:2    | Bought a +0 pair of boots of running for 346 gold pieces
 27161 | Orc:2    | Bought 3 scrolls of enchant weapon for 247 gold pieces
 27864 | D:12     | Found a roughly hewn altar of Beogh.
 29499 | D:13     | Reached skill level 15 in Ice Magic
 29664 | D:13     | Cast into level 2 of the Abyss (a wizard)
 29719 | Abyss:2  | Noticed a deep elf elementalist
 29818 | D:13     | Escaped the Abyss
 29903 | D:13     | Gained mutation: You are weak. (Str -2) [a neqoxec]
 29904 | D:13     | Gained mutation: You tend to lose your temper in combat. [a
                  | neqoxec]
 30054 | D:13     | Noticed a fire giant
 30076 | D:13     | Killed a fire giant
 30440 | D:13     | Noticed a ghost moth
 30440 | D:13     | a queen ant changed into a ghost moth
 30441 | D:13     | a ghost moth changed into a shapeshifter
 30603 | D:13     | Paralysed by a vampire knight for 2 turns
 30808 | D:13     | Learned a level 6 spell: Deflect Missiles
 30913 | D:14     | Reached XP level 16. HP: 119/127 MP: 23/29
 30936 | D:14     | Reached skill level 10 in Spellcasting
 30953 | D:14     | Lost mutation: You tend to lose your temper in combat.
                  | [potion of mutation]
 30953 | D:14     | Lost mutation: You are weak. (Str -2) [potion of mutation]
 30953 | D:14     | Gained mutation: Your magical capacity is low. (-10% MP)
                  | [potion of mutation]
 30953 | D:14     | Gained mutation: You are clumsy. (Dex -2) [potion of
                  | mutation]
 30953 | D:14     | Gained mutation: Your muscles are strong. (Str +2) [potion
                  | of mutation]
 30953 | D:14     | Gained mutation: You are robust. (+10% HP) [potion of
                  | mutation]
 30954 | D:14     | Lost mutation: Your muscles are strong. (Str +2) [potion of
                  | mutation]
 30954 | D:14     | Lost mutation: Your magical capacity is low. (-10% MP)
                  | [potion of mutation]
 30954 | D:14     | Lost mutation: You are clumsy. (Dex -2) [potion of
                  | mutation]
 30954 | D:14     | Gained mutation: You possess an exceptional clarity of
                  | mind. [potion of mutation]
 31741 | D:14     | Found a gate to the Vaults.
 32227 | D:15     | Entered Level 15 of the Dungeon
 32410 | D:15     | Paralysed by a wizard for 4 turns
 32508 | D:15     | Reached skill level 17 in Polearms
 32704 | D:15     | Found a runed gate.
 32704 | D:15     | Found a runed gate.
 32704 | D:15     | Found a runed gate.
 32711 | D:15     | Found the +4 skin of Zhor {rC+++}
 32711 | D:15     | Noticed Hese's ghost (adept DEFE)
 32717 | D:15     | Found a roughly hewn altar of Beogh.
 33060 | D:15     | Found a staircase to the Depths.
 33665 | D:6      | Killed Nr616's ghost
 33781 | D:7      | Killed Joseph
 34052 | Spider:1 | Entered Level 1 of the Spider Nest
 34160 | Spider:1 | Reached skill level 18 in Polearms
 35090 | Spider:1 | Reached skill level 19 in Polearms
 35763 | Spider:2 | Reached skill level 20 in Polearms
 35789 | Spider:2 | Reached XP level 17. HP: 141/146 MP: 18/31
 36776 | Spider:2 | Reached skill level 21 in Polearms
 38300 | Spider:2 | Reached skill level 5 in Conjurations
 38300 | Spider:2 | Reached skill level 5 in Charms
 39046 | Spider:3 | Noticed Agnes
 39058 | Spider:3 | Killed Agnes
 39219 | Spider:3 | Identified Ipner's Volume of Conjuration
 39564 | Shoals:1 | Entered Level 1 of the Shoals
 39921 | Shoals:1 | Found Uduqup's Gadget Shop.
 39951 | Shoals:1 | Bought a lamp of fire for 640 gold pieces
 41113 | Shoals:2 | Found Guemp's Distillery.
 41463 | Shoals:2 | Bought a potion of heal wounds for 85 gold pieces
 41630 | Shoals:2 | Learned a level 6 spell: Freezing Cloud
 41956 | Shoals:2 | Reached XP level 18. HP: 153/154 MP: 26/32
 42769 | Shoals:3 | Found Gaquqi Mish's Magic Scroll Shop.
 42772 | Shoals:3 | Bought a scroll of acquirement for 676 gold pieces
 42772 | Shoals:3 | Bought a scroll of magic mapping for 45 gold pieces
 42772 | Shoals:3 | Bought a scroll of blinking for 97 gold pieces
 42772 | Shoals:3 | Bought a scroll of magic mapping for 45 gold pieces
 43786 | Shoals:4 | Entered Level 4 of the Shoals
 44761 | Shoals:4 | Found Toeh's Magic Scroll Boutique.
 44765 | Shoals:4 | Bought a scroll of acquirement for 832 gold pieces
 44765 | Shoals:4 | Bought a scroll of enchant armour for 120 gold pieces
 44845 | Shoals:4 | Found Rorphic's Food Shop.
 44875 | Shoals:4 | Reached skill level 10 in Invocations
 44886 | Shoals:4 | Reached skill level 10 in Evocations
 44944 | Shoals:4 | Got a barnacled rune of Zot
 45080 | Shoals:4 | Found Haytitt's Antique Armour Emporium.
 45487 | Shoals:4 | Learned a level 3 spell: Spectral Weapon
 45562 | Shoals:4 | Found Ymulukko's Magic Scroll Shop.
 45568 | Shoals:4 | Found Ibuquaru's Distillery.
 46289 | Lair:6   | Killed Garbasso's ghost
 46595 | Spider:4 | Entered Level 4 of the Spider Nest
 46845 | Spider:3 | Learned a level 3 spell: Regeneration
 47447 | Spider:4 | Reached XP level 19. HP: 119/160 MP: 36/36
 47701 | Spider:4 | Reached skill level 22 in Polearms
 48687 | Spider:4 | Reached skill level 23 in Polearms
 49806 | Spider:4 | Got a gossamer rune of Zot
 50048 | D:13     | Paralysed by a vampire knight for 4 turns
 50563 | D:15     | Reached skill level 24 in Polearms
 50599 | D:15     | Killed Hese's ghost
 50805 | D:15     | Got a scintillating jade amulet
 50806 | D:15     | Identified the amulet of Kikubaaqudgha's Anger {RegenMP
                  | Fragile Int+6} (You found it on level 15 of the Dungeon)
 50880 | Vaults:1 | Entered Level 1 of the Vaults
 50880 | Vaults:1 | Noticed Saint Roka
 50895 | Vaults:1 | Killed Saint Roka
 51332 | Vaults:1 | Reached skill level 25 in Polearms
 51573 | Vaults:1 | Found Muotox's Antique Armour Emporium.
 51696 | Vaults:1 | Reached XP level 20. HP: 168/168 MP: 34/37
 52244 | Vaults:2 | Reached skill level 26 in Polearms
 52322 | Vaults:2 | Reached skill level 1 in Air Magic
 52413 | Vaults:2 | Found a ruined gateway.
 52422 | Desolati | Entered the Desolation of Salt
 52555 | Desolati | Killed from afar by a halazid warlock

Vault maps used:
D:1:      minmay_arrival_three_doors
D:2:      vehumet_crystals, kennysheep_potato
D:3:      first_ration
D:4:      minmay_temple_entry_large_hall, gammafunk_ghost_cemetery,
          portal_sewer_entry_b, uniq_robin
D:5:      serial_shops, nicolae_shop_statue_plus, led_sif_book
D:6:      minmay_cornered_nines, gammafunk_ghost_split, uniq_menkaure
D:7:      enter_bailey_3, uniq_joseph
D:8:      uniq_erica
D:9:      hangedman_little_slice_of_home, kennysheep_generic_room_8, uniq_psyche
D:10:     uniq_snorg
D:11:     david_lair_shrubbed, orc_0_dummy
D:12:     special_room, minivault_24
D:13:     hangedman_what_comes_after_a
D:14:     david_vaults_1, eino_tiny_chamber
D:15:     hangedman_depths_entry_civil_slaughter, biasface_ghost_orc_armoury,
          grunt_decor_arrowhead
Temple:   kilobyte_greek_temple
Lair:1:   nicolae_quartered_pool_little, beast_lair_carwin_2, uniq_gastronok
Lair:3:   lemuel_reptile_caves, spider_nest_entry_a,
          portal_ice_cave_entry_ice_beasts, serial_bayou_shore_b,
          serial_bayou_shore_b, uniq_rupert
Lair:4:   elwin_shoals_entry_rooms, minivault_25, serial_bayou_lagoon_a,
          serial_bayou_pond_a
Lair:5:   slime_altar_2, eino_small_chamber_without_monster, lemuel_fruit_tree
Lair:6:   wormcave, hangedman_lair_tendril_chambers, ebering_ghost_inner_flame,
          infiniplex_staircase_pool, uniq_sonja
Shoals:1: serial_shops, nicolae_shop_temple_entry_statues_fountains
Shoals:2: nicolae_shoals_c_island
Shoals:3: serial_shops, nicolae_shop_behind_doors
Shoals:4: shoals_end_simple, serial_shops, shop, nicolae_shop_stone, shop,
          shop_fountains, shop
Spider:2: spider_temple_joshua, hangedman_spider_tarantella_strand
Spider:3: uniq_agnes
Spider:4: grunt_spider_rune_circles, worms_lemuel
Orc:1:    portal_ice_cave_entry_pillars_1
Orc:2:    st_orc_ogre_mass
Vaults:1: vaults_dpeg_cross, v_misc_33, hangedman_vaults_corner,
          vaults_room_grid, nicolae_vaults_know_your_exits, v_rooms_4,
          nicolae_vaults_little_squares_1, v_rooms_5,
          nicolae_vaults_yaktaur_gun_rack, vaults_mumra_hexcomb,
          grunt_vaults_diagonal, serial_shops, shop, uniq_saint_roka
Vaults:2: minmay_crypt_entry_simple_statues, hangedman_vaults_stagger,
          v_misc_23, v_rooms_6, vaults_room_grunt_arrival_checkpoint, v_misc_22,
          grunt_vaults_hallway_long, vaults_standard_mumra_lines,
          nicolae_vaults_little_squares_2, nicolae_vaults_sealed_display,
          v_misc_12, portal_desolation_entry_ruin, serial_shops,
          nicolae_shop_waterfront, uniq_xtahua, uniq_mara, uniq_frederick
Abyss:3:  hangedman_abyss_theft, nicolae_abyss_rune_left_handed
Sewer:    sewer_co_tree
Bailey:   bailey_axe_minmay_hex_keep, bailey
IceCv:    ice_cave_caverns_02

Skill      XL: |  1  2  3  4  5  6  7  8  9 10 11 12 13 14 15 16 17 18 19 20 |
---------------+-------------------------------------------------------------+-----
Ice Magic      | 4 5 6 8 10 11 14 15 16 | 16.1
Polearms       | 1 3 5 7 10 14 16 20 21 25 26 | 26.0
Dodging        | 3 4 5 6 9 10 12 | 12.0
Fighting       | 1 2 3 5 6 8 10 11 12 | 12.0
Spellcasting   | 4 5 6 7 8 9 10 13 | 13.0
Conjurations   | 2 4 5 6 |  6.7
Charms         | 3 4 6 8 |  8.4
Invocations    | 3 5 6 8 9 10 | 10.0
Evocations     | 4 5 6 8 9 10 | 10.0
Air Magic      | 1 |  1.7
Stealth        | |  2.1

Action                   |  1- 3 |  4- 6 |  7- 9 | 10-12 | 13-15 | 16-18 | 19-21 || total
-------------------------+-------+-------+-------+-------+-------+-------+-------++-------
Melee: Unarmed           |     2 |       |       |       |       |       |       ||     2
       Dagger            |    13 |     8 |       |       |       |       |       ||    21
       Whip              |       |   106 |   128 |       |       |       |       ||   234
       Tailslap          |       |     1 |     2 |       |       |    11 |       ||    14
       Trident           |       |       |   350 |    43 |       |       |       ||   393
       Halberd           |       |       |       |   690 |  2056 |   435 |       ||  3181
       Glaive            |       |       |       |       |       |  1348 |       ||  1348
       Bardiche          |       |       |       |       |       |   119 |   599 ||   718
Throw: Stone             |       |       |     1 |     2 |       |       |       ||     3
       Tomahawk          |       |       |       |     2 |    13 |     5 |       ||    20
       Javelin           |       |       |       |       |       |       |     7 ||     7
 Cast: Freeze            |    50 |    61 |   130 |    39 |    89 |    13 |       ||   382
       Throw Frost       |     2 |     6 |    16 |    32 |    70 |   110 |    12 ||   248
       Ozocubu's Armour  |       |     3 |    25 |    58 |   156 |   177 |    49 ||   468
       Throw Icicle      |       |       |       |     4 |    41 |   205 |    64 ||   314
       Conjure Flame     |       |       |       |    27 |   123 |    56 |    10 ||   216
       Summon Butterflie |       |       |       |       |     1 |       |       ||     1
       Spectral Weapon   |       |       |       |       |       |    13 |    50 ||    63
       Freezing Cloud    |       |       |       |       |       |     1 |     2 ||     3
       Regeneration      |       |       |       |       |       |       |     7 ||     7
Invok: Lesser Servant of |       |       |       |     9 |    25 |    10 |     2 ||    46
Evoke: Wand              |       |       |     1 |     4 |    24 |     1 |     4 ||    34
       Fan of gales      |       |       |       |       |     1 |     1 |       ||     2
       Lamp of fire      |       |       |       |       |       |     1 |     2 ||     3
  Use: Scroll            |       |     7 |    15 |     6 |    13 |    17 |     7 ||    65
       Potion            |       |     2 |     4 |     3 |     3 |     7 |     4 ||    23
 Stab: Sleeping          |     4 |     2 |    13 |     4 |     4 |     2 |     2 ||    31
       Confused          |       |       |     1 |       |     1 |       |       ||     2
       Distracted        |       |       |     1 |     4 |     4 |     2 |    10 ||    21
       Paralysed         |       |       |       |       |     2 |       |       ||     2
  Eat: Chunk             |     3 |     7 |    23 |    27 |    40 |    41 |     9 ||   150
       Ration            |       |     1 |       |       |     7 |     7 |     2 ||    17
Armor: Robe              |     9 |    25 |    96 |     5 |    30 |       |       ||   165
       Leather armour    |       |       |    14 |    92 |       |       |       ||   106
       Skin              |       |       |    12 |       |       |       |       ||    12
       Troll leather arm |       |       |       |    94 |   411 |   860 |   219 ||  1584
Dodge: Dodged            |    49 |   111 |   340 |   423 |  1383 |  1916 |   535 ||  4757
       Deflected         |       |       |       |       |    16 |    43 |    32 ||    91

Table legend:
 A = Non-vault XP
 B = Vault XP
 C = Vault XP percentage of total XP
 D = Non-vault monster count
 E = Vault monster count
 F = Vault count percentage of total count
                 A         B        C        D         E       F
            +---------+---------+-------+---------+---------+-------
      Total |  233904 |  199667 |  46.1 |     883 |     635 |  41.8
            +---------+---------+-------+---------+---------+-------
        D:1 |      33 |       0 |   0.0 |      18 |       0 |   0.0
        D:2 |      88 |       6 |   6.4 |      25 |       4 |  13.8
        D:3 |     200 |       0 |   0.0 |      30 |       0 |   0.0
        D:4 |     209 |    1011 |  82.9 |      14 |      19 |  57.6
        D:5 |     380 |     154 |  28.8 |      19 |       3 |  13.6
        D:6 |     625 |    1783 |  74.0 |      15 |       5 |  25.0
        D:7 |     708 |     501 |  41.4 |      14 |       5 |  26.3
        D:8 |    1213 |     918 |  43.1 |      26 |       1 |   3.7
        D:9 |    2235 |     343 |  13.3 |      18 |       9 |  33.3
       D:10 |    4478 |     962 |  17.7 |      31 |       1 |   3.1
       D:11 |    4763 |     297 |   5.9 |      41 |       1 |   2.4
       D:12 |    3294 |    1168 |  26.2 |      12 |      25 |  67.6
       D:13 |    7541 |   15078 |  66.7 |      56 |      64 |  53.3
       D:14 |   13546 |    3976 |  22.7 |      49 |       5 |   9.3
       D:15 |    5184 |    9192 |  63.9 |      13 |      21 |  61.8
     Lair:1 |    2690 |     725 |  21.2 |      16 |       4 |  20.0
     Lair:2 |    2514 |       0 |   0.0 |       8 |       0 |   0.0
     Lair:3 |    2571 |    4114 |  61.5 |      15 |      37 |  71.2
     Lair:4 |    1883 |     962 |  33.8 |      11 |       2 |  15.4
     Lair:5 |    2227 |     137 |   5.8 |       9 |       4 |  30.8
     Lair:6 |   14409 |   18042 |  55.6 |      37 |      54 |  59.3
   Shoals:1 |   17512 |       0 |   0.0 |      32 |       0 |   0.0
   Shoals:2 |   12990 |       0 |   0.0 |      24 |       0 |   0.0
   Shoals:3 |    6576 |       0 |   0.0 |      13 |       0 |   0.0
   Shoals:4 |   12481 |   29539 |  70.3 |      24 |      43 |  64.2
   Spider:1 |   10867 |       0 |   0.0 |      25 |       0 |   0.0
   Spider:2 |   24566 |   14606 |  37.3 |      72 |      29 |  28.7
   Spider:3 |   15184 |    1382 |   8.3 |      49 |       1 |   2.0
   Spider:4 |   23978 |   29502 |  55.2 |      55 |      53 |  49.1
      Orc:1 |    2501 |    2597 |  50.9 |      36 |       4 |  10.0
      Orc:2 |     924 |   14072 |  93.8 |      13 |      40 |  75.5
   Vaults:1 |   17204 |   22620 |  56.8 |      34 |      44 |  56.4
   Vaults:2 |   18330 |    6664 |  26.7 |      29 |       9 |  23.7
      Sewer |       0 |     580 | 100.0 |       0 |      28 | 100.0
     Bailey |       0 |    1750 | 100.0 |       0 |      65 | 100.0
      IceCv |       0 |   12453 | 100.0 |       0 |      47 | 100.0
 Desolation |       0 |    4533 | 100.0 |       0 |       8 | 100.0
            +---------+---------+-------+---------+---------+-------
